 Dungeon Crawl Stone Soup version 0.28.0-45-g0d030f2227 (webtiles) character file.

Game seed: 15426058216398179786

23 protoss039 the Digger (level 2, -6/21 HPs)
             Began as a Demonspawn Earth Elementalist on May 16, 2022.
             Mangled by an ogre
             ... wielding a +0 giant spiked club
              (27 damage)
             ... on level 2 of the Dungeon.
             The game lasted 00:02:01 (1581 turns).

protoss039 the Digger (DsEE)                        Turns: 1581, Time: 00:02:02

Health: -6/21      AC:  3    Str:  8    XL:     2   Next: 75%
Magic:  2/5        EV: 12    Int: 16    God:
Gold:   37         SH:  0    Dex: 13    Spells: 2/5 levels left

rFire   . . .      SeeInvis .   e - +0 spear
rCold   . . .      Faith    .   (no shield)
rNeg    . . .      Spirit   .   b - +0 robe
rPois   .          Reflect  .   f - +0 helmet
rElec   .          Harm     .   (no cloak)
rCorr   .          Rampage  .   (no gloves)
Will    .....                   (no boots)
Stlth   ++........              (no amulet)
HPRegen 0.07/turn               (no ring)
MPRegen 0.09/turn               (no ring)

@: no status effects
A: claws 1
a: no special abilities


You were on level 2 of the Dungeon.
You visited 1 branch of the dungeon, and saw 2 of its levels.

You collected 37 gold pieces.

Inventory:

Hand Weapons
 e - a +0 spear (weapon)
Missiles
 c - 53 stones
Armour
 b - a +0 robe (worn)
 f - a +0 helmet (worn)
Scrolls
 a - a scroll of amnesia {unknown}
Potions
 d - a potion of flight {unknown}
 g - a potion of heal wounds {unknown}
 h - a potion of lignification {unknown}
 i - a potion of haste {unknown}
 j - a potion of berserk rage {unknown}


   Skills:
 * Level 1.6 Fighting
 - Level 1.7 Dodging
 - Level 1.7 Stealth
 + Level 2.2 Spellcasting
 - Level 1.0 Transmutations
 + Level 3.0 Earth Magic


You had 2 spell levels left.
You knew the following spells:

 Your Spells              Type           Power      Damage    Failure   Level
a - Sandblast             Erth           22%        2d7       6%          1
b - Passwall              Tmut/Erth      6%         N/A       14%         2

Your spell library contained the following spells:

 Spells                   Type           Power      Damage    Failure   Level
 Stone Arrow              Conj/Erth      12%        3d7       32%         3
 Petrify                  Tmut/Erth      8%         N/A       65%         4


Dungeon Overview and Level Annotations

Branches:
Dungeon (2/15)

Altars:

Shops:
D:1 [[*


Innate Abilities, Weirdness & Mutations

You have sharp fingernails.


Message History

An ogre comes into view. It is wielding a +0 giant spiked club.
Found a stone staircase leading up.
There is an open door here.
Casting: Sandblast (safe; 6% risk of failure)
Confirm with . or Enter, or press ? or * to list all spells.
Aiming: Sandblast (safe; 6% risk of failure)
Press: ? - help, Shift-Dir - straight line, f - you
Okay, then.
Casting: Sandblast (safe; 6% risk of failure)
Confirm with . or Enter, or press ? or * to list all spells.
Aiming: Sandblast (safe; 6% risk of failure)
Press: ? - help, Shift-Dir - straight line, f - you
Okay, then.
Unknown command.
Casting: Sandblast (safe; 6% risk of failure)
Confirm with . or Enter, or press ? or * to list all spells.
Aiming: Sandblast (safe; 6% risk of failure)
Press: ? - help, Shift-Dir - straight line, f - ogre
Aim: an ogre, wielding a +0 giant spiked club (90% to hit)
The blast of sand hits the ogre.
The ogre is lightly wounded.
Unknown command.
Casting: Sandblast (safe; 6% risk of failure)
Confirm with . or Enter, or press ? or * to list all spells.
Aiming: Sandblast (safe; 6% risk of failure)
Press: ? - help, Shift-Dir - straight line, f/p - ogre
Aim: an ogre, wielding a +0 giant spiked club (lightly wounded, 90% to hit)
The blast of sand hits the ogre!
The ogre is heavily wounded.
Unknown command.
Casting: Sandblast (safe; 6% risk of failure)
Confirm with . or Enter, or press ? or * to list all spells.
Aiming: Sandblast (safe; 6% risk of failure)
Press: ? - help, Shift-Dir - straight line, f/p - ogre
Aim: an ogre, wielding a +0 giant spiked club (heavily wounded, 90% to hit)
The blast of sand hits the ogre.
The ogre is severely wounded.
The ogre hits you with a +0 giant spiked club!!
Ouch! That really hurt!
You die...

#.............
#.............
#.............
#.............
#####w###..... #.#
..... #.# ##+# #O#
#.# #@######.####
#...........#
#...........######
#...........#..)..
#...........#.####
#..†.....†..#.####
#.................
#...........#.....
###...........#.....


You could see an ogre and a worm.

Vanquished Creatures
  A worm (D:2)
  2 endoplasms (D:1)
  3 goblins (D:1)
  2 hobgoblins (D:1)
  A quokka (D:2)
  3 ball pythons (D:1)
  2 bats (D:1)
  A frilled lizard (D:1)
  A kobold (D:1)
  5 rats (D:1)
21 creatures vanquished.

Notes
Turn   | Place    | Note
-------+----------+-------------------------------------------
     0 | D:1      | protoss039 the Demonspawn Earth Elementalist began the
                  | quest for the Orb.
     0 | D:1      | Reached XP level 1. HP: 13/13 MP: 3/3
    27 | D:1      | Found Luja's General Store.
    56 | D:1      | Reached skill level 1 in Transmutations
   272 | D:1      | Found Iriukloq's Armour Emporium.
   304 | D:1      | Found Kibbiumi's Armour Shoppe.
   567 | D:1      | Reached skill level 1 in Fighting
   567 | D:1      | Gained mutation: You have sharp fingernails. [demonic
                  | ancestry]
   567 | D:1      | Reached XP level 2. HP: 21/21 MP: 5/5
   904 | D:1      | Found a faded altar of an unknown god.
  1250 | D:2      | Learned a level 2 spell: Passwall
  1387 | D:2      | Reached skill level 3 in Earth Magic
  1567 | D:2      | Noticed an ogre
  1581 | D:2      | Mangled by an ogre

Illustrated notes

Levels and vault maps discovered:
D:1:      grunt_arrival_crossed_arrows, layout_rooms, serial_shops, shop, shop,
          nicolae_shop_hallway_stairs,
          dreamdust_ecumenical_altar_angels_and_demons, minmay_misc_feat_encased
D:2:      layout_basic, basic_altar, kennysheep_generic_room_2

Skill      XL: |  1  2 |
---------------+-------+-----
Transmutations | 1 |  1.0
Fighting       | 1 |  1.6
Earth Magic    | 3 |  3.0
Dodging        | |  1.7
Stealth        | |  1.7
Spellcasting   | |  2.2

Action                   || total
-------------------------++-------
Melee: Spear             ||    57
       Unarmed           ||    16
       Punch             ||     1
 Cast: Sandblast         ||    12
 Stab: Sleeping          ||     4
Armor: Robe              ||    13
Dodge: Dodged            ||    50
